 Dungeon Crawl Stone Soup version 0.31-a0-744-gbc345e7fcb (webtiles) character file.

Game seed: 4385066661680009436

226 Dirtsage the Chopper (level 5, -2/41 HPs)
             Began as a Demonspawn Berserker on Sept 13, 2023.
             Was a Believer of Trog.
             Slain by a phantom (5 damage)
             ... on level 4 of the Dungeon.
             The game lasted 00:07:05 (2454 turns).

Dirtsage the Chopper (Demonspawn Berserker)         Turns: 2454, Time: 00:07:06

Health: -2/41      AC:  3    Str: 20    XL:     5   Next: 69%
Magic:  5/5        EV: 11    Int:  8    God:    Trog [**....]
Gold:   169        SH:  0    Dex: 12    Spells: 4/4 levels left

rFire   . . .        a - +0 hand axe
rCold   . . .        (no shield)
rNeg    . . .        d - +0 leather armour
rPois   .            (no helmet)
rElec   .            (no cloak)
rCorr   .            (no gloves)
SInv    .            (no boots)
Will    .....        (no amulet)
Stlth   +            (no ring)
HPRegen 0.26/turn    (no ring)
MPRegen 0.09/turn

%: no passive effects
@: on berserk cooldown, slowed, very slow
A: ignite blood 2, demonic touch 1
a: Renounce Religion, Berserk, Trog's Hand


You were on level 4 of the Dungeon.
You worshipped Trog.
Trog was pleased with you.
You visited 1 branch of the dungeon, and saw 4 of its levels.

You collected 169 gold pieces.

Inventory:

Hand Weapons
 a - a +0 hand axe (weapon)
 h - the +9 sling "Giantbane" {speed, Int+3}
   (You found it on level 2 of the Dungeon)

   Int+3:     It affects your intelligence (+3).
Armour
 d - a +0 leather armour (worn)
Scrolls
 b - 2 scrolls of identify {unknown}
 c - 2 scrolls of teleportation {unknown}
 i - a scroll of immolation {unknown}
 k - a scroll of fog {unknown}
 l - a scroll of amnesia {unknown}
 m - a scroll of enchant armour {unknown}
 n - a scroll of revelation {unknown}
 o - a scroll of fear {unknown}
Potions
 e - a potion of haste {unknown}
 f - 2 potions of magic {unknown}
 g - a potion of cancellation {unknown}
 j - a potion of might {unknown}
 q - 2 potions of curing


   Skills:
 - Level 3.0 Fighting
 * Level 5.6 Axes
 + Level 1.4 Ranged Weapons
 - Level 1.7 Armour
 - Level 1.7 Dodging


You had 4 spell levels left.
You didn't know any spells.
Your spell library contained the following spells:

 Spells                   Type           Power      Damage    Failure   Level
 Lesser Beckoning         Tloc           0%         N/A       58%         2
 Gell's Gravitas          Tloc           0%         N/A       83%         3
 Teleport Other           Tloc           0%         N/A       83%         3


Dungeon Overview and Level Annotations

Branches:
Dungeon (4/15)
 Temple: D:4-7

Altars:


Innate Abilities, Weirdness & Mutations

Your demonic aura often causes spilled blood to erupt in flames.
Your touch may inflict minor irresistible damage on your foes.


Message History

a +1 heavy halberd; a gnoll corpse You feel a strong urge to attack something.
The phantom barely misses you.
You see here a hound corpse.
You closely miss the phantom. Your touch misses the phantom.
The phantom is lightly damaged.
The phantom hits you.
The phantom blinks!
You blink.
The gnoll hits you with a +0 club.
* * * LOW HITPOINT WARNING * * *
You take 10 damage, and have 17/61 hp.
You hit the phantom.
You touch the phantom!
The phantom is severely damaged.
You hit the gnoll.
The phantom hits you but does no damage.
The gnoll hits you with a +0 club.
* * * LOW HITPOINT WARNING * * *
You take 6 damage, and have 11/61 hp.
You hit the phantom.
The phantom is severely damaged.
You slash the gnoll!
You kill the gnoll!
Trog accepts your kill.
You are no longer berserk.
You are exhausted.
You feel yourself slow down. The phantom closely misses you.
You now have 7/41 hp.
You hit the phantom. Your punch misses the phantom.
The phantom is almost destroyed.
You closely miss the orc. The phantom hits you.
* * * LOW HITPOINT WARNING * * *
The orc wizard casts a spell.
The orc wizard flickers and vanishes!
Deactivating autopickup; reactivate with Ctrl-A.
You take 3 damage, and have 4/41 hp.
You miss the phantom. Your touch misses the phantom.
The phantom is almost destroyed.
You hit the jelly.
Your hands burn!
* * * LOW HITPOINT WARNING * * *
You barely miss the orc. You closely miss the orc. The phantom hits you.
You die...

.....> ##.......
#######........
#..!.^.........
#......{..[....
#.....o........
#.....o).......
#...!°Jo.)..... #
#.....@°.......
#####.Wo######.
##########)#
#..........#
#..........#
...###
#..........####
......
#######.......##
...###
###..##..#####
#...##.....#######


You could see a phantom, a jelly and 4 orcs.

Vanquished Creatures
  A hound (D:4)
  2 iguanas
  Terence (D:3)
  2 adders
  4 gnolls (D:4)
  A worm (D:3)
  5 dart slugs
  2 orcs (D:3)
  6 endoplasms
  2 giant cockroaches
  9 goblins
  7 hobgoblins
  A quokka (D:4)
  2 ball pythons
  3 bats
  3 frilled lizards
  4 kobolds
  6 rats
61 creatures vanquished.

Notes
Turn   | Place    | Note
-------+----------+-------------------------------------------
     0 | D:1      | Dirtsage the Demonspawn Berserker began the quest for the
                  | Orb.
     0 | D:1      | Reached XP level 1. HP: 18/18 MP: 1/1
   101 | D:1      | Reached skill level 3 in Axes
   217 | D:1      | Gained mutation: Your touch may inflict minor irresistible
                  | damage on your foes. [demonic ancestry]
   217 | D:1      | Reached XP level 2. HP: 23/24 MP: 2/2
   874 | D:2      | Gained mutation: Your demonic aura sometimes causes spilled
                  | blood to erupt in flames. [demonic ancestry]
   874 | D:2      | Reached XP level 3. HP: 19/29 MP: 3/3
   956 | D:2      | Identified the +9 sling "Giantbane" {speed, Int+3}
  1020 | D:2      | Reached skill level 4 in Axes
  1068 | D:2      | Reached ** piety under Trog
  1533 | D:3      | Reached XP level 4. HP: 24/35 MP: 4/4
  2078 | D:3      | Noticed Terence
  2084 | D:3      | Killed Terence
  2218 | D:3      | Reached skill level 5 in Axes
  2434 | D:4      | Noticed a phantom
  2437 | D:4      | Gained mutation: Your demonic aura often causes spilled
                  | blood to erupt in flames. [demonic ancestry]
  2437 | D:4      | Reached XP level 5. HP: 41/41 MP: 5/5
  2440 | D:4      | Reached skill level 1 in Ranged Weapons
  2454 | D:4      | Slain by a phantom

Illustrated notes

Levels and vault maps discovered:
D:1:      dpeg_arrival_court, layout_basic, minmay_domino_2
D:2:      layout_basic
D:3:      layout_basic, uniq_terence
D:4:      layout_rooms, lemuel_crystal_altar, ebering_ghost_sewer_d,
          uniq_menkaure

Skill      XL: |  1  2  3  4  5 |
---------------+----------------+-----
Axes           | 3 4 5 |  5.6
Ranged Weapons | 1 |  1.4
Fighting       | |  3.0
Armour         | |  1.7
Dodging        | |  1.7

Action                     |  1- 3 |  4- 6 || total
---------------------------+-------+-------++-------
  Melee: Hand axe          |    62 |    10 ||    72
         Touch             |     8 |     2 ||    10
   Fire: Sling             |    17 |    48 ||    65
 Invoke: Berserk           |     1 |     1 ||     2
    Use: Potion            |     1 |       ||     1
   Stab: Sleeping          |     2 |       ||     2
 Armour: Leather armour    |    32 |    10 ||    42
         Animal skin       |     4 |       ||     4
  Dodge: Dodged            |    23 |     9 ||    32

Table legend: (Time is in decaauts)
 A = Elapsed time spent in this place.
 B = Non-inter-level travel time spent in this place.
 C = Inter-level travel time spent in this place.
 D = Time resting spent in this place.
 E = Time spent auto-exploring this place.
 F = Levels seen in this place.
 G = Mean time per level.
                   A        B        C        D        E       F      G
               +--------+--------+--------+--------+--------+-----+--------+
         Total |   2466 |   2387 |     79 |     73 |   2017 |   4 |  616.5 |
       Dungeon |   2466 |   2387 |     79 |     73 |   2017 |   4 |  616.5 |
               +--------+--------+--------+--------+--------+-----+--------+

Top non-repeatable levels by time:
     D:3: 850 daAuts
     D:2: 821 daAuts
     D:1: 702 daAuts
     D:4: 92 daAuts
